[Event "GER-ch Youth-U12 2022"]
[Site "Willingen"]
[Date "2022.06.09"]
[Round "7.27"]
[White "Draude, Theo"]
[Black "Dell, Philip"]
[Result "1/2-1/2"]
[ECO "C56"]
[WhiteElo "1397"]
[BlackElo "1457"]
[Annotator "NA RC COMBH"]
[PlyCount "140"]
[EventDate "2022.06.05"]
[EventType "swiss"]
[EventRounds "9"]
[EventCountry "GER"]
[SourceTitle "playchess.com"]
[Source "ChessBase"]
[SourceQuality "1"]
[TimeControl "40/4500+30:900+30"]

1. e4 e5 2. Nf3 Nc6 3. Bc4 Bc5 4. c3 Nf6 5. d4 exd4 6. O-O Nxe4 7. Qe2 d5 8. cxd4 dxc4 9. dxc5 Qd3 10. Re1 f5 11. Nc3 O-O 12. Nxe4 fxe4 13. Qxe4 Bf5 14. Qe3 Nb4 15. Qxd3 Nxd3 16. Re7 Rf7 17. Rxf7 Kxf7 18. Nd4 Bg6 19. Nb5 Re8 20. Be3 Nxb2 21. Nxc7 Rd8 22. Nb5 Rd7 23. Rc1 Na4 24. Nd6+ Ke6 25. Nxc4 Nc3 26. Re1 Ne2+ 27. Kh1 Bd3 28. Nd6 b6 29. h3 Nc3 30. Bf4+ Ne2 31. cxb6 axb6 32. a4 Kf6 33. Bh2 g5 34. Nb5 Bxb5 35. axb5 Re7 36. Rd1 Kf7 37. Bg3 Nc3 38. Rd6 Re6 39. Rd7+ Re7 40. Rd3 Na4 41. Kh2 h5 42. h4 gxh4 43. Bxh4 Re4 44. Bg3 Rb4 45. Rd5 h4 46. Bd6 Rb2 47. Rd4 Nc3 48. Rxh4 Rxf2 49. Bg3 Rf5 50. Rf4 Rxf4 51. Bxf4 Nxb5 52. Be3 Nd6 53. Bxb6 Kg8 54. Kh3 Ne4 55. Bd4 Ng5+ 56. Kg4 Ne4 57. Kf4 Nd6 58. g4 Nf7 59. Bf6 Kf8 60. Kg3 Kg8 61. Kh4 Nd6 62. Kh5 Ne4 63. Kg6 Nd6 64. Bg7 Ne4 65. Kh6 Nd6 66. Kg6 Ne4 67. Bf6 Nd6 68. Ba1 Ne4 69. Bg7 Nd6 70. Kf6 Ne8+ 1/2-1/2

[Event "GER-ch Youth-U12 2022"]
[Site "Willingen"]
[Date "2022.06.10"]
[Round "8.1"]
[White "Korchynskyi, Mykola"]
[Black "Stichter, Constantin Paul"]
[Result "1/2-1/2"]
[ECO "D38"]
[WhiteElo "1723"]
[BlackElo "1472"]
[Annotator "NA RC COMBH"]
[PlyCount "160"]
[EventDate "2022.06.05"]
[EventType "swiss"]
[EventRounds "9"]
[EventCountry "GER"]
[SourceTitle "playchess.com"]
[Source "ChessBase"]
[SourceQuality "1"]
[TimeControl "40/4500+30:900+30"]

1. d4 d5 2. c4 e6 3. Nc3 Nf6 4. Bg5 Nbd7 5. Nf3 Bb4 6. e3 c5 7. Bxf6 Nxf6 8. dxc5 Qa5 9. Nd2 Qxc5 10. Rc1 Bd7 11. cxd5 Nxd5 12. Nce4 Qa5 13. Bc4 O-O 14. a3 Bxd2+ 15. Qxd2 Qxd2+ 16. Nxd2 Bc6 17. Bxd5 Bxd5 18. f3 f5 19. Ke2 Bc6 20. Nb3 Rac8 21. Kf2 Rfd8 22. Nd4 Bd5 23. Kg3 Kf7 24. Nb5 Rxc1 25. Rxc1 a6 26. Rc7+ Kf6 27. Nd4 Re8 28. Nc2 Re7 29. Rxe7 Kxe7 30. Kf4 Kf6 31. e4 e5+ 32. Ke3 fxe4 33. fxe4 Bc4 34. Kf3 g6 35. Ne3 Bb3 36. Ng4+ Ke6 37. Ke3 Bc4 38. h4 Bf1 39. g3 b6 40. Kf3 Bb5 41. Ne3 Bc6 42. Nc4 b5 43. Na5 Ba8 44. b4 Kd6 45. Nb3 Bb7 46. Nc5 Bc8 47. Nd3 Be6 48. Nb2 Bd7 49. Ke3 Ke6 50. Nd1 Kd6 51. Nc3 Bc6 52. Ke2 Ke6 53. Kf3 Kd6 54. Kg4 h6 55. Kf3 Ke6 56. Nd1 Bb7 57. Ne3 Bc6 58. Nd1 Ke7 59. Nf2 Bd7 60. Nd3 Kd6 61. Nc5 Bc8 62. a4 Kc6 63. axb5+ axb5 64. Nd3 Kd6 65. Nf2 Be6 66. Nd1 Bd7 67. Ne3 Be6 68. Nd1 Bd7 69. Nc3 Bc6 70. Kg2 Ke7 71. Kh3 Kd6 72. Kg4 Bd7+ 73. Kf3 Bc6 74. g4 h5 75. gxh5 gxh5 76. Nd1 Bd7 77. Ne3 Be6 78. Nf5+ Bxf5 79. exf5 Ke7 80. Ke3 Kf7 1/2-1/2

[Event "GER-ch Youth-U12 2022"]
[Site "Willingen"]
[Date "2022.06.10"]
[Round "8.2"]
[White "Malinowsky, Levi"]
[Black "Buchinger, Alexis"]
[Result "1/2-1/2"]
[ECO "C70"]
[WhiteElo "1816"]
[BlackElo "1676"]
[Annotator "NA RC COMBH"]
[PlyCount "90"]
[EventDate "2022.06.05"]
[EventType "swiss"]
[EventRounds "9"]
[EventCountry "GER"]
[SourceTitle "playchess.com"]
[Source "ChessBase"]
[SourceQuality "1"]
[TimeControl "40/4500+30:900+30"]

1. e4 e5 2. Nf3 Nc6 3. Bb5 a6 4. Ba4 b5 5. Bb3 Na5 6. c3 Nxb3 7. Qxb3 d6 8. a4 Bd7 9. axb5 axb5 10. Ng5 Nh6 11. Rxa8 Qxa8 12. O-O Be7 13. d4 Bxg5 14. Bxg5 Qxe4 15. Bxh6 (15. Nd2 $11 {keeps the balance.} Qg6 16. Bxh6 gxh6 17. dxe5) 15... gxh6 16. Nd2 Qd3 17. Qd5 Ke7 ({Black should play} 17... O-O $17 18. Nf3 Bg4) 18. Ne4 (18. Nf3 $1 $15) 18... Rg8 {[%emt 0:06:17] [#]} 19. Nf6 $1 Rg7 20. dxe5 {[%emt 0:05:52] Discovered Attack} Qxd5 21. Nxd5+ Kd8 22. exd6 cxd6 23. Rd1 Bc6 24. Kf1 Kd7 25. Rd4 Bxd5 26. Rxd5 Rg5 27. Rd4 Ke6 28. g3 Re5 29. f3 h5 30. Kf2 f6 31. Rh4 Kd5 32. Rb4 Ke6 33. Rd4 Ke7 34. f4 Rc5 35. Re4+ Kf7 36. Ke3 f5 37. Rd4 Ke6 38. Kd3 d5 (38... h4 $11) 39. Rb4 Kd6 40. Kd4 Rc4+ 41. Rxc4 dxc4 42. h3 h4 $11 43. gxh4 h5 44. Ke3 Kc5 $11 45. Kf3 Kd5 1/2-1/2

[Event "GER-ch Youth-U12 2022"]
[Site "Willingen"]
[Date "2022.06.10"]
[Round "8.3"]
[White "Sydykov Bayastan"]
[Black "Nechitailo, Nikita"]
[Result "1/2-1/2"]
[ECO "B27"]
[WhiteElo "1477"]
[BlackElo "1371"]
[Annotator "NA RC COMBH"]
[PlyCount "92"]
[EventDate "2022.06.05"]
[EventType "swiss"]
[EventRounds "9"]
[EventCountry "GER"]
[SourceTitle "playchess.com"]
[Source "ChessBase"]
[SourceQuality "1"]
[TimeControl "40/4500+30:900+30"]

1. e4 c5 2. Nf3 g6 3. c3 Bg7 4. d4 cxd4 5. cxd4 d5 6. e5 Bg4 7. Bb5+ Nc6 8. Bxc6+ bxc6 9. Nbd2 f6 10. h3 Bxf3 11. Nxf3 c5 12. O-O e6 13. Re1 Qd7 14. dxc5 Ne7 15. exf6 Bxf6 16. Bg5 O-O 17. Qe2 Nf5 18. Qxe6+ Qxe6 19. Rxe6 Bxb2 20. Rd1 d4 21. g4 Ng7 22. Re2 Rxf3 23. Rxb2 Ne6 24. Be7 Rxh3 25. Re2 Kf7 26. Bd6 Rc3 27. f4 Rd8 28. f5 gxf5 29. gxf5 Rg8+ 30. Kf1 Nxc5 31. Rxd4 Rg5 32. Re7+ Kf6 33. Rxh7 Rxf5+ 34. Ke1 Ra3 35. Rc7 Ra5 36. Be7+ Ke6 37. Bd8 Re5+ 38. Kd1 Rxa2 39. Re7+ Kf5 40. Rf7+ Kg6 41. Rf6+ Kh7 42. Rh4+ Kg7 43. Rg4+ Kh7 44. Rf7+ Kh6 45. Rh4+ Kg6 46. Rf6+ Kg7 1/2-1/2

[Event "GER-ch Youth-U12 2022"]
[Site "Willingen"]
[Date "2022.06.10"]
[Round "8.5"]
[White "Dordevic, Tom"]
[Black "Nemitz, Alfred"]
[Result "1/2-1/2"]
[ECO "A48"]
[WhiteElo "1771"]
[BlackElo "1611"]
[Annotator "NA RC COMBH"]
[PlyCount "88"]
[EventDate "2022.06.05"]
[EventType "swiss"]
[EventRounds "9"]
[EventCountry "GER"]
[SourceTitle "playchess.com"]
[Source "ChessBase"]
[SourceQuality "1"]
[TimeControl "40/4500+30:900+30"]

1. d4 Nf6 2. Nf3 g6 3. Bf4 Bg7 4. e3 d6 5. Be2 O-O 6. h3 Nbd7 7. O-O c5 8. c3 b6 9. Nbd2 Bb7 10. Rc1 Re8 11. Bh2 Rc8 12. Re1 Ne4 13. Nxe4 Bxe4 14. Bb5 Qc7 15. d5 Bxf3 16. Qxf3 Red8 17. Bxd7 Qxd7 18. e4 c4 19. Qd1 Rc5 20. Qc2 b5 21. Bf4 Rb8 22. Bd2 a5 23. a3 e5 24. dxe6 fxe6 25. Bf4 b4 26. axb4 axb4 27. Qd2 bxc3 28. bxc3 Be5 29. Bxe5 Rxe5 30. Rcd1 Rb6 31. Qd4 Qc7 32. Ra1 Qc5 33. Ra4 Rc6 34. Ra8+ Kg7 35. Qd1 Rc7 36. Ra2 Rb7 37. Rd2 Rd7 38. Rd4 d5 39. exd5 Rxe1+ 40. Qxe1 Rxd5 41. Qxe6 Rxd4 42. cxd4 Qxd4 43. Qe7+ Kh6 44. h4 c3 1/2-1/2

[Event "GER-ch Youth-U12 2022"]
[Site "Willingen"]
[Date "2022.06.10"]
[Round "8.6"]
[White "Zhuikov, Edgard"]
[Black "Neuhoff, Laertes"]
[Result "1-0"]
[ECO "B22"]
[WhiteElo "1892"]
[BlackElo "1990"]
[Annotator "TA"]
[PlyCount "131"]
[EventDate "2022.06.05"]
[EventType "swiss"]
[EventRounds "9"]
[EventCountry "GER"]
[SourceTitle "playchess.com"]
[Source "ChessBase"]
[SourceQuality "1"]
[TimeControl "40/4500+30:900+30"]

1. e4 c5 2. c3 d5 3. exd5 Qxd5 4. d4 Nf6 5. dxc5 Qxd1+ 6. Kxd1 e5 7. b4 Nc6 8. f3 {[%emt 0:00:00] B22: Sicilian: 2 c3.} (8. Nf3 $11 {remains equal.}) 8... Bf5 {[%emt 0:08:52][%mdl 1024] [#] Black has strong compensation.} (8... a5 $5 9. b5 Ne7 $15) 9. a4 $146 ({Predecessor:} 9. Bb5 O-O-O+ 10. Ke2 Nd5 11. Bxc6 bxc6 12. Bb2 Nf4+ 13. Ke3 Rd1 14. Nd2 Nxg2+ 15. Ke2 Rxa1 16. Bxa1 {0-1 (24) Sniadecki,J (1723)-Kaminski,D (1814) Poland 2017}) 9... O-O-O+ 10. Bd2 $1 {[%emt 0:00:00] The position is equal.} Nd5 11. Kc1 a5 $1 12. Bb5 axb4 (12... Kc7 {keeps more tension.} 13. Bxc6 bxc6 14. Ne2 axb4 15. cxb4 Rb8) 13. Bxc6 bxc3 14. Bg5 bxc6 15. Bxd8 Kxd8 16. Ne2 c2 17. Na3 Nb4 ({Worse is} 17... Bxc5 18. Nxc2 Kc7 19. Ng3) 18. Ng3 Bd3 19. Ne4 g6 ({Better is} 19... Kc7 $17 {aiming for ...f5.} 20. Nf2 Bxc5 21. Nxd3 Be3+ 22. Kb2 Bd4+ 23. Kc1 Nxd3+ 24. Kxc2 Nb4+ 25. Kb3 Bxa1 26. Rxa1 Rb8) 20. Kb2 Bh6 (20... f5 $1 $15 21. Ng5 Ke8) 21. Kc3 $1 $11 Bxe4 {[%emt 0:01:43] A strong pair of Bishops.} 22. Kxb4 {[%emt 0:01:35] Chess con chili.} Bd2+ 23. Kc4 Bd5+ 24. Kd3 c1=Q 25. Rhxc1 Bxc1 26. Rxc1 {[%emt 0:00:13][%mdl 4096] Endgame KRB-KRN} Kc7 27. Kc3 (27. Nc4 $11) 27... Rb8 (27... Ra8 $17 28. Kb4 Rb8+ 29. Ka5 f5) 28. Rb1 Rxb1 (28... Ra8 $5 29. Kb4 e4 30. fxe4 Rb8+ 31. Kc3 Rxb1 32. Nxb1 Bxe4 $17) 29. Nxb1 $15 {[%emt 0:00:03] KB-KN} f5 30. Nd2 Kb7 31. Kb4 Ka6 32. Nf1 $2 {[%emt 0:00:40] [#]} (32. g3 $11) 32... h6 $2 (32... f4 $1 $19 {Hoping for ...e4.} 33. a5 e4 34. fxe4 Bxe4) 33. Ne3 $11 Be6 34. g3 g5 35. g4 $2 (35. Nc2 $11 {and White has nothing to worry.}) 35... fxg4 $2 (35... f4 $19 36. Nf1 e4 37. fxe4 Bxg4) 36. fxg4 Bf7 37. Nf5 h5 $2 (37... Ba2 $14) 38. Nd6 $18 Bg6 39. gxh5 Bxh5 40. Ne4 Bg6 41. Nxg5 e4 42. Ne6 e3 43. Nd4 $2 ({White should try} 43. Kc3 $18 {White wants to mate with Nf4.} e2 44. Kd2) 43... Bh5 $1 $11 44. Kc3 (44. Nxc6 e2 45. Kb3 Bf7+ 46. Kc2 e1=Q 47. h4 Qe4+ 48. Kd2 Qxc6 49. Ke3 Bg6 50. Kf2 Qxc5+ 51. Ke2 Qc3 52. Kf2 Bh5 53. Kg2 Qf3+ 54. Kg1 Qe2 55. a5 Bf3 56. h5 Qg2#) 44... Be8 {[%emt 0:03:28][%mdl 8192] [#] White stays focused until the end.} (44... Ka5 $11) 45. Kd3 Ka5 46. Kxe3 {[%emt 0:00:00] Threatening mate with Ne6.} Kxa4 47. Ke4 {[%emt 0:00:00] White mates.} Kb4 48. Ne6 Bf7 49. Ke5 Bxe6 50. Kxe6 Kxc5 {[%emt 0:00:02] KP-KP} 51. h4 Kd4 52. h5 c5 53. h6 c4 54. h7 c3 55. h8=Q+ Kd3 56. Qh1 Kd2 57. Qg2+ Kd1 58. Qf1+ Kd2 59. Qf2+ Kd1 60. Qd4+ Kc2 61. Kd5 Kb3 62. Qd3 Kb2 63. Qb5+ Ka1 64. Qa4+ ({Weaker is} 64. Qb3 c2 $11) 64... Kb2 65. Qb4+ Kc2 66. Kd4 {[%emt 0:00:00] Weighted Error Value: White=0.45/Black=0.42} 1-0

[Event "GER-ch Youth-U12 2022"]
[Site "Willingen"]
[Date "2022.06.10"]
[Round "8.7"]
[White "Gloeckler, Christian"]
[Black "Skembris, Simon Max"]
[Result "0-1"]
[ECO "C42"]
[WhiteElo "1869"]
[BlackElo "1413"]
[Annotator "NA RC COMBH"]
[PlyCount "128"]
[EventDate "2022.06.05"]
[EventType "swiss"]
[EventRounds "9"]
[EventCountry "GER"]
[SourceTitle "playchess.com"]
[Source "ChessBase"]
[SourceQuality "1"]
[TimeControl "40/4500+30:900+30"]

1. e4 e5 2. Nf3 Nf6 3. Nxe5 d6 4. Nf3 Nxe4 5. d4 d5 6. Bd3 Be7 7. O-O Nc6 8. Nc3 Bf5 9. Re1 Nxc3 10. bxc3 Bxd3 11. Qxd3 O-O 12. Bf4 Na5 13. Rab1 b6 14. Ne5 f6 15. Nf3 Bd6 16. Bxd6 Qxd6 17. Nh4 Rfe8 18. Nf5 Qd7 19. Qh3 Rxe1+ 20. Rxe1 Re8 21. Rxe8+ Qxe8 22. Qe3 Qxe3 23. fxe3 (23. Nxe3 $15 {might be stronger.} c6 24. g4) 23... Kf7 24. Kf2 g6 25. Ng3 Nc4 26. Ke2 Ke6 27. Nh1 (27. Kd3 $142) 27... Nd6 28. Nf2 Kf5 29. Kd3 h5 30. h3 (30. Nh1 $17 {was worth a try.}) 30... b5 31. g3 c6 32. Ke2 Ne4 33. Nxe4 dxe4 ({Avoid the trap} 33... Kxe4 $2 34. h4 $19) 34. Kf2 Ke6 35. c4 bxc4 36. g4 h4 37. c3 g5 38. a4 f5 39. gxf5+ Kxf5 40. Kg2 g4 41. a5 gxh3+ 42. Kxh3 Kg5 43. a6 Kh5 44. Kh2 Kg4 45. Kg2 {[%emt 0:00:08] [#]} h3+ $1 46. Kh2 Kf3 47. Kxh3 Kxe3 48. Kg4 Kd2 49. Kf4 e3 50. Ke5 e2 51. Kd6 Kxc3 52. Kxc6 Kxd4 53. Kb7 e1=Q 54. Kxa7 Qa5 55. Kb7 c3 56. a7 c2 57. a8=Q Qxa8+ 58. Kxa8 c1=Q 59. Kb7 Qc5 60. Ka6 Qb4 61. Ka7 Qb5 $19 (61... Kc5 $142 62. Ka8 Kc6 63. Ka7 Qb7#) 62. Ka8 Kc5 63. Ka7 Kc6 64. Ka8 Qb7# 0-1

[Event "GER-ch Youth-U12 2022"]
[Site "Willingen"]
[Date "2022.06.10"]
[Round "8.8"]
[White "Pimenov, Danil"]
[Black "Polzin, Gustav"]
[Result "0-1"]
[ECO "B84"]
[WhiteElo "1337"]
[BlackElo "1643"]
[Annotator "NA RC COMBH"]
[PlyCount "100"]
[EventDate "2022.06.05"]
[EventType "swiss"]
[EventRounds "9"]
[EventCountry "GER"]
[SourceTitle "playchess.com"]
[Source "ChessBase"]
[SourceQuality "1"]
[TimeControl "40/4500+30:900+30"]

1. e4 c5 2. Nf3 e6 3. d4 cxd4 4. Nxd4 a6 5. Nc3 Qc7 6. f4 d6 7. Be2 b5 8. Bf3 Bb7 9. Be3 Nd7 10. O-O Ngf6 11. a3 Be7 12. Qd2 O-O 13. Rae1 Nc5 14. Bf2 Rfd8 15. Nb3 Nxb3 16. cxb3 d5 17. e5 Ne4 18. Bxe4 dxe4 19. Qe2 b4 20. Nxe4 Qc6 21. Qg4 a5 22. Nf6+ Bxf6 23. exf6 g6 24. Re5 Rd5 25. Kh1 Rd2 26. Rg5 Rxf2 27. Rg1 Rxg2 28. Qxg2 Qb6 29. h4 Bxg2+ 30. R1xg2 Rd8 31. h5 Rd1+ 32. Kh2 Qe3 33. hxg6 Qxf4+ 34. R5g3 Qh4+ 35. Rh3 Rh1+ 36. Kxh1 Qxh3+ 37. Kg1 fxg6 38. Rf2 Kf7 39. axb4 axb4 40. Rh2 Qxb3 41. Rxh7+ Kxf6 42. Rh2 g5 43. Rf2+ Kg6 44. Kg2 g4 45. Kg1 g3 46. Rf1 Kg5 47. Kg2 Kg4 48. Kh1 Kh3 49. Rf2 Qd1+ 50. Rf1 Qxf1# 0-1

[Event "GER-ch Youth-U12 2022"]
[Site "Willingen"]
[Date "2022.06.10"]
[Round "8.9"]
[White "Wang, Arthur D"]
[Black "Wartenberg, Alexander"]
[Result "1/2-1/2"]
[ECO "C27"]
[WhiteElo "2090"]
[BlackElo "1682"]
[Annotator "TA"]
[PlyCount "154"]
[EventDate "2022.06.05"]
[EventType "swiss"]
[EventRounds "9"]
[EventCountry "GER"]
[SourceTitle "playchess.com"]
[Source "ChessBase"]
[SourceQuality "1"]
[TimeControl "40/4500+30:900+30"]

1. e4 e5 2. Nc3 Nf6 3. Bc4 Bb4 4. d3 c6 5. Bd2 O-O 6. Nf3 {[%emt 0:00:00] C27: Vienna Game: 2...Nf6 3 Bc4 Nxe4.} d5 7. exd5 (7. Bb3 $11) 7... cxd5 $15 8. Bb3 {[%emt 0:00:00] Black is slightly better.} Nc6 {[%emt 0:00:00] [#]} 9. Qe2 $146 {[%emt 0:08:18] Against e4} (9. Ne2 $15) ({Predecessor:} 9. O-O Bg4 10. h3 Be6 11. Re1 Bxc3 12. Bxc3 e4 13. Bxf6 Qxf6 14. dxe4 dxe4 15. Rxe4 Bxb3 16. axb3 Qxb2 {0-1 (22) Strobehn,A (1405)-Higgins,B (1662) ICCF email 2020}) 9... Nd4 10. Qf1 Nxb3 11. axb3 Re8 12. O-O-O Qa5 13. Kb1 (13. d4 $142) 13... Bg4 14. h3 $2 (14. Na2 Bxd2 15. Rxd2) 14... Bxf3 $19 15. gxf3 d4 16. Ne4 Nxe4 (16... Nd5 $19 {has better winning chances.} 17. Nd6 Bxd2) 17. Bxb4 $17 Qxb4 18. fxe4 a5 19. Qe1 Qxe1 (19... Qd6 $142 {And now ...b5 would win.} 20. Rf1 a4) 20. Rhxe1 {[%emt 0:00:53][%mdl 4096] Endgame KRR-KRR} Re6 21. Rg1 h6 22. Rg3 Rf6 23. Rdg1 g6 24. Rf1 Rf4 25. c3 Rc8 26. c4 (26. cxd4 $15 exd4 27. Rg4) 26... Rc6 $19 27. Kc2 Rcf6 28. f3 (28. Rg2 {is a better defense.}) 28... Kh7 (28... h5 $19 29. c5 Kg7) 29. Kd2 (29. c5 $17) 29... g5 (29... h5 $19 30. b4 axb4) 30. Rf2 (30. b4 $17 axb4 31. Ke2) 30... Kg6 31. Rf1 Kh5 32. Ke2 $2 (32. b4 {only move.} axb4 33. Kd1) 32... Rb6 33. Rc1 Rxb3 34. Rc2 Kh4 35. Rg1 Rf6 36. Rd1 Rfb6 37. Rdd2 Kh5 38. Kf2 Kg6 39. Kg3 h5 40. h4 f6 41. hxg5 $2 (41. c5 {keeps fighting.} Rc6 42. Rc4) 41... fxg5 42. c5 Rc6 43. Rc4 Rb5 44. Rdc2 Rb3 45. Rd2 $1 b6 46. cxb6 Rxc4 47. dxc4 Rxb6 {[%emt 0:00:06] KR-KR} 48. Rc2 Kf6 49. Rh2 Kg6 50. Rc2 $1 Kf7 {[%emt 0:00:03] Hoping for ...Rb3.} 51. Rh2 Rh6 {[%emt 0:00:02] ...h4+ is the strong threat.} 52. Rh1 (52. c5 {was necessary.} Rh8 53. Rh1) 52... h4+ 53. Kg4 Kg6 54. c5 Rh8 55. c6 Rf8 56. Rf1 Rf6 57. Ra1 (57. f4 $142 Rxc6 58. fxg5) 57... Rxc6 58. Rxa5 Rf6 59. Ra3 Rb6 $2 (59... Rf4+ 60. Kh3 Kh5) 60. b4 Rd6 $1 61. Rd3 Kf6 62. Rd2 Rb6 63. Rb2 Rb5 $2 (63... d3 $1 $19 64. b5 Kg6) 64. Rb3 ({White should play} 64. Ra2 $15) 64... Kg6 $2 (64... Ke6 $1 $19 {aiming for ...Rb8.} 65. Rb2 Rb7) 65. Rb2 $2 {[%emt 0:00:00] [#]} (65. Ra3 $1 $15) 65... Rb6 $2 (65... Rb8 $1 $19 {Strongly threatening ...d3.} 66. Ra2 Rb6) 66. Rb3 $1 $15 Rd6 $2 (66... Kf7 $15 67. b5 Kg6) 67. Rd3 $1 $19 Rf6 68. b5 Rf4+ 69. Kh3 {[%emt 0:00:00] [#]} g4+ $1 70. fxg4 Rxe4 $2 ({Black should try} 70... Kg5 $19 {Threatens to win with ...Rf8.} 71. Rb3 Rf8) 71. Kxh4 $11 {[%emt 0:00:00] The position is equal.} Rf4 72. b6 Rf7 73. Rb3 {[%emt 0:00:00] White threatens b7 and mate.} Rb7 74. Kg3 e4 75. Rb4 d3 76. Rxe4 Rxb6 77. Rd4 Rb3 {[%emt 0:00:00] Weighted Error Value: White=0.57/Black=0.51} 1/2-1/2

[Event "GER-ch Youth-U12 2022"]
[Site "Willingen"]
[Date "2022.06.10"]
[Round "8.10"]
[White "Seth, Aakrit"]
[Black "Blodig, Vincent"]
[Result "0-1"]
[ECO "D02"]
[WhiteElo "1435"]
[BlackElo "1461"]
[Annotator "NA RC COMBH"]
[PlyCount "106"]
[EventDate "2022.06.05"]
[EventType "swiss"]
[EventRounds "9"]
[EventCountry "GER"]
[SourceTitle "playchess.com"]
[Source "ChessBase"]
[SourceQuality "1"]
[TimeControl "40/4500+30:900+30"]

1. d4 d5 2. Bf4 Nf6 3. e3 e6 4. Nf3 Bd6 5. Bg3 c5 6. c3 O-O 7. Nbd2 Qc7 8. Bd3 Nbd7 9. O-O Bxg3 10. hxg3 e5 11. dxe5 Nxe5 12. Nxe5 Qxe5 13. Nf3 Qh5 14. Nh2 Qxd1 15. Raxd1 Be6 16. Bc2 Ne4 17. Nf3 Rfd8 18. Rd3 f6 19. Rfd1 b5 20. Nd2 f5 21. Nxe4 fxe4 22. R3d2 Bg4 23. f3 exf3 24. gxf3 Bxf3 25. Rf1 Bg4 26. Rf4 h5 27. Bg6 Rd7 28. Rh2 a5 29. Bxh5 Bxh5 30. Rxh5 b4 31. Rff5 bxc3 32. bxc3 Rad8 33. Kf2 a4 34. c4 dxc4 35. Rxc5 Rd2+ 36. Kf3 Rxa2 37. Rxc4 Ra8 38. Rcc5 Rb2 39. Ra5 Rbb8 40. Rxa8 Rxa8 41. Rh1 a3 42. Ra1 a2 43. Ke2 Kf7 44. Kd2 Ke6 45. Ke2 Ke5 46. Kf3 Ra4 47. Ke2 Ke4 48. Kd2 Ra3 49. g4 Kf3 50. g5 Ke4 51. g6 Kf5 52. Ke2 Kxg6 53. Kf3 Kf5 0-1

[Event "GER-ch Youth-U12 2022"]
[Site "Willingen"]
[Date "2022.06.10"]
[Round "8.11"]
[White "Freude, Paul"]
[Black "Aniol, Nico"]
[Result "0-1"]
[ECO "B13"]
[WhiteElo "1415"]
[BlackElo "1494"]
[Annotator "NA RC COMBH"]
[PlyCount "84"]
[EventDate "2022.06.05"]
[EventType "swiss"]
[EventRounds "9"]
[EventCountry "GER"]
[SourceTitle "playchess.com"]
[Source "ChessBase"]
[SourceQuality "1"]
[TimeControl "40/4500+30:900+30"]

1. e4 c6 2. d4 d5 3. exd5 cxd5 4. Bd3 Nc6 5. c3 Nf6 6. h3 e5 7. dxe5 Nxe5 8. Bc2 Bc5 9. Ne2 O-O 10. O-O h6 11. Bf4 Re8 12. Nd2 Nc6 13. b4 Bd6 14. Bxd6 Qxd6 15. Nc4 Qc7 16. Ne3 Be6 17. Bb3 Rad8 18. Qc2 Qb6 19. Ba4 Rc8 20. Qb2 Red8 21. Rad1 Na5 22. Bb3 Nxb3 23. axb3 Rd7 24. Rd3 Rcd8 25. Rfd1 Qd6 26. f4 Qb6 27. Nd4 Rd6 28. Kh2 a6 29. Nef5 Bxf5 30. Nxf5 R6d7 31. c4 Qe6 32. Rxd5 Rxd5 33. Rxd5 Rxd5 34. Nd4 Rxd4 35. Qxd4 Qe4 36. Qxe4 Nxe4 37. Kg1 Nd2 38. Kf2 Kf8 39. Ke3 Nxb3 40. Kd3 Ke7 41. Kc3 Nc1 42. f5 Ne2+ 0-1

[Event "GER-ch Youth-U12 2022"]
[Site "Willingen"]
[Date "2022.06.10"]
[Round "8.12"]
[White "Mukazhanov, Mansur"]
[Black "Herrmann, Arthur"]
[Result "0-1"]
[ECO "B19"]
[WhiteElo "1279"]
[BlackElo "1507"]
[Annotator "NA RC COMBH"]
[PlyCount "104"]
[EventDate "2022.06.05"]
[EventType "swiss"]
[EventRounds "9"]
[EventCountry "GER"]
[SourceTitle "playchess.com"]
[Source "ChessBase"]
[SourceQuality "1"]
[TimeControl "40/4500+30:900+30"]

1. e4 c6 2. d4 d5 3. Nc3 dxe4 4. Nxe4 Bf5 5. Ng3 Bg6 6. h4 h6 7. h5 Bh7 8. Nf3 Nd7 9. Bd3 Bxd3 10. Qxd3 e6 11. Bf4 Ngf6 12. O-O Be7 13. Rad1 O-O 14. c4 Rc8 15. Rfe1 Qa5 16. Ne5 Rcd8 17. a3 Qa6 18. Nf3 Rfe8 19. Qc2 b5 20. b3 bxc4 21. bxc4 Qa5 22. Ne5 Nxe5 23. dxe5 Nd7 24. a4 Nb6 25. Be3 Bc5 26. Ra1 Bxe3 27. Rxe3 Rd2 28. Qb3 Rd4 29. Rc3 Red8 30. c5 Nd7 31. Qc2 Nxe5 32. Re1 Rd2 33. Qb3 Nd3 34. Rf1 Nxc5 35. Qa3 R2d5 36. Rc4 Qb6 37. Kh2 Nd3 38. Qe7 R5d7 39. Qh4 Rd4 40. Rxd4 Qxd4 41. Qe7 Ne5 42. f4 Ng4+ 43. Kh3 Nf6 44. Ne2 Qd5 45. f5 Rd7 46. Qb4 e5 47. Ng3 c5 48. Qb8+ Kh7 49. Re1 e4 50. Qf4 Re7 51. Re3 Qd4 52. Ne2 Nd5 0-1

[Event "GER-ch Youth-U12 2022"]
[Site "Willingen"]
[Date "2022.06.10"]
[Round "8.13"]
[White "Burkart, Lloyd Shang"]
[Black "Mandalka, Justus"]
[Result "1/2-1/2"]
[ECO "D30"]
[WhiteElo "1559"]
[BlackElo "1402"]
[Annotator "NA RC COMBH"]
[PlyCount "86"]
[EventDate "2022.06.05"]
[EventType "swiss"]
[EventRounds "9"]
[EventCountry "GER"]
[SourceTitle "playchess.com"]
[Source "ChessBase"]
[SourceQuality "1"]
[TimeControl "40/4500+30:900+30"]

1. d4 d5 2. c4 e6 3. Nf3 c5 4. cxd5 exd5 5. g3 Nc6 6. Bg2 Be7 7. dxc5 Bxc5 8. O-O Nf6 9. a3 a5 10. Qc2 Be7 11. Nc3 d4 12. Rd1 Qb6 13. Ne4 Be6 14. Qd3 Bb3 15. Re1 Nxe4 16. Qxe4 Rd8 17. Bg5 f6 18. Bd2 O-O 19. Bh3 Ne5 20. Nxe5 fxe5 21. Qxe5 Bf6 22. Qxa5 Qxa5 23. Bxa5 Ra8 24. Bb4 Rfe8 25. Bf5 Bc4 26. Bd3 Bxd3 27. exd3 Rxe1+ 28. Rxe1 Rc8 29. Re2 Kf7 30. Kg2 Rc6 31. Kf3 g6 32. Bd2 Rc2 33. Bf4 Rc5 34. Bd2 Rf5+ 35. Kg2 Rc5 36. Bb4 Rc6 37. h3 h6 38. f4 g5 39. f5 h5 40. g4 h4 41. Kf3 Rc1 42. Be1 Rd1 43. Ke4 Kg7 1/2-1/2

[Event "GER-ch Youth-U12 2022"]
[Site "Willingen"]
[Date "2022.06.10"]
[Round "8.14"]
[White "Aweh, Mads"]
[Black "Herrmann, Jakob"]
[Result "1-0"]
[ECO "B51"]
[WhiteElo "1438"]
[BlackElo "1737"]
[Annotator "NA RC COMBH"]
[PlyCount "135"]
[EventDate "2022.06.05"]
[EventType "swiss"]
[EventRounds "9"]
[EventCountry "GER"]
[SourceTitle "playchess.com"]
[Source "ChessBase"]
[SourceQuality "1"]
[TimeControl "40/4500+30:900+30"]

1. e4 c5 2. Nf3 d6 3. Bb5+ Nd7 4. O-O Ngf6 5. Re1 a6 6. Bf1 e6 7. c3 b5 8. d4 Bb7 9. Bg5 Be7 10. Nbd2 O-O 11. h4 h6 12. Bf4 Qb6 13. Rc1 Rac8 14. Bd3 cxd4 15. cxd4 Rxc1 16. Qxc1 Rc8 17. Qb1 Nf8 18. e5 dxe5 19. dxe5 Nd5 20. Be3 Nxe3 21. Rxe3 Bc5 22. Re2 Bd5 23. Be4 Bxe4 24. Nxe4 Ng6 25. Rc2 Nf4 26. b4 Bxf2+ 27. Nxf2 Rd8 28. Rc5 a5 29. Qf1 axb4 30. Qxb5 Qxb5 31. Rxb5 Ra8 32. Rxb4 Ne2+ 33. Kh2 Rxa2 34. Ne4 Nf4 35. Nf6+ gxf6 36. Rxf4 f5 37. Rb4 Re2 38. Kg1 Kg7 39. Rb7 Kg6 40. h5+ Kg7 41. Kf1 Re4 42. Kf2 Ra4 43. g3 Ra2+ 44. Kg1 Ra3 45. Kg2 Ra2+ 46. Kh3 Ra4 47. Nd2 Rd4 48. Nf3 Ra4 49. Rb5 Rg4 50. Nh2 Rg5 51. Kh4 Kh7 52. g4 Kg7 53. Rb4 fxg4 54. Rxg4 f6 55. Rxg5+ hxg5+ 56. Kg4 fxe5 57. Kxg5 e4 58. Ng4 e5 59. Kf5 e3 60. Nxe3 e4 61. Ng4 e3 62. Nxe3 Kh6 63. Kg4 Kh7 64. Nf5 Kh8 65. Kg5 Kh7 66. h6 Kh8 67. Kg6 Kg8 68. Nd6 1-0